 Dungeon Crawl Stone Soup version 0.27.1-4-g1640c2035a (webtiles) character file.

Game seed: 17373986283631991955

93 eliilek the Shield-Bearer (level 4, -1/40 HPs)
             Began as a Minotaur Fighter on Nov 16, 2021.
             Was an Initiate of Trog.
             Slain by an iron imp (4 damage)
             ... summoned by Natasha
             ... on level 3 of the Dungeon.
             The game lasted 00:07:38 (2229 turns).

eliilek the Shield-Bearer (Minotaur Fighter)        Turns: 2229, Time: 00:07:39

Health: -1/40      AC:  7    Str: 20    XL:     4   Next: 37%
Magic:  3/3        EV:  7    Int:  5    God:    Trog [......]
Gold:   101        SH:  9    Dex: 11    Spells: 3/3 levels left

rFire    + . .     SeeInvis .   a - +0 long sword
rCold    + . .     Faith    .   c - +0 kite shield
rNeg     . . .     Spirit   .   b - +0 scale mail
rPois    .         Reflect  .   (helmet restricted)
rElec    .         Harm     .   k - scarf {rC+ rF+}
rCorr    .         Rampage  .   (no gloves)
Will     .....                  (no boots)
Stlth    ..........             (no amulet)
HPRegen  0.13/turn              (no ring)
MPRegen  0.08/turn              (no ring)

@: mighty
A: horns 2, retaliatory headbutt
a: Renounce Religion


You were on level 3 of the Dungeon.
You worshipped Trog.
Trog was noncommittal.
You visited 1 branch of the dungeon, and saw 3 of its levels.

You collected 101 gold pieces.

Inventory:

Hand Weapons
 a - a +0 long sword (weapon)
Missiles
 e - 111 stones (quivered)
Armour
 b - a +0 scale mail (worn)
 c - a +0 kite shield (worn)
 k - a scarf of resistance (worn)
Scrolls
 f - a scroll of blinking {unknown}
 g - a scroll of summoning {unknown}
 h - a scroll of vulnerability {unknown}
 j - a scroll of amnesia {unknown}
 l - 2 scrolls of identify {unknown}
 m - 2 scrolls of enchant weapon {unknown}
 n - a scroll of enchant armour {unknown}
Potions
 i - 3 potions of mutation {unknown}
 o - a potion of heal wounds {unknown}
 p - a potion of curing {unknown}


   Skills:
 + Level 4.2 Fighting
 * Level 3.7 Long Blades
 + Level 4.2 Armour
 * Level 4.7 Shields


You had 3 spell levels left.
You didn't know any spells.
Your spell library contained the following spells:

 Spells                   Type           Power      Damage    Failure   Level
 Magic Dart               Conj           0%         1d3       99%         1
 Frozen Ramparts          Ice            0%         1d2       100%        3
 Ice Form                 Ice/Tmut       0%         N/A       100%        4
 Summon Ice Beast         Ice/Summ       0%         N/A       100%        4


Dungeon Overview and Level Annotations

Branches:
Dungeon (3/15)

Altars:
Kikubaaqudgha
Okawaru
Trog
Vehumet

Annotations:
D:3 Natasha


Innate Abilities, Weirdness & Mutations

You have a pair of horns on your head.
You reflexively headbutt those who attack you in melee.


Message History

You block the iron imp's attack.
You hit Natasha but do no damage. Your headbutt misses Natasha.
Natasha closely misses you. You block Natasha's attack.
The shadow imp gestures at you. Pain shoots through your body!
The iron imp hits you but does no damage.
You hit Natasha. Your headbutt misses Natasha.
Natasha is heavily wounded.
Natasha claws you!
The shadow imp hits you but does no damage.
Natasha claws you. You block the iron imp's attack.
You hit Natasha but do no damage.
Natasha is heavily wounded.
Natasha claws you!
The shadow imp shouts, "Slither hence, thou grime-gilt clay-brained pissant!"
The shadow imp hits you.
Natasha casts a spell.
You block the iron imp's attack. You block the shadow imp's attack.
Natasha howls an incantation.
Natasha glows brightly for a moment.
Natasha claws you.
You feel very mighty all of a sudden. You block the iron imp's attack.
Natasha mumbles some strange words.
Natasha glows brightly for a moment.
Natasha claws you.
* * * LOW HITPOINT WARNING * * *
The shadow imp hits you.
* * * LOW HITPOINT WARNING * * *
The crimson imp hits you but does no damage.
You closely miss Natasha.
Natasha is moderately wounded.
Natasha stares at you and mumbles some strange words.
The magic dart hits you.
* * * LOW HITPOINT WARNING * * *
The shadow imp closely misses you.
You riposte.
You slash the shadow imp! Your headbutt misses the shadow imp.
The shadow imp is almost dead.
The iron imp hits you.
You die...

#.# #.#......# #.# #.# #.#.######
#.# #.# #.#.# #.#
#.#.###########.# #
#............##.# #
.#...##'#####.##.###
#.#...###...##.##.... ###########
#.#55h..#._.#<.######
...)......###>#.@####...#........
########........5.>.#≈≈≈##.######
##...........#...##.#
#.....##..###._.##.# #.#.###...#
#...##.# #.##.#.#..######+#.###
#.###.##.............# #.#
#####.###...####.## #.# .# ##.
#).#


You could see an iron imp (summoned), Natasha (fast), a crimson imp (summoned)
and a shadow imp (summoned).

Vanquished Creatures
  Natasha (D:3)
  4 adders
  5 ball pythons
  3 bats
  3 endoplasms
  2 hobgoblins
  3 kobolds
  A quokka (D:1)
  4 frilled lizards
  4 goblins
  8 rats
38 creatures vanquished.

Notes
Turn   | Place    | Note
-------+----------+-------------------------------------------
     0 | D:1      | eliilek the Minotaur Fighter began the quest for the Orb.
     0 | D:1      | Reached XP level 1. HP: 19/19 MP: 0/0
   268 | D:1      | Reached XP level 2. HP: 27/27 MP: 1/1
   276 | D:1      | Found a faded altar of an unknown god.
   285 | D:1      | Got Plato's Papyrus of Attacks
   586 | D:1      | Became a worshipper of Vehumet
   586 | D:1      | Reached * piety under Vehumet
   586 | D:1      | Offered knowledge of Freeze by Vehumet.
  1002 | D:2      | Reached XP level 3. HP: 33/33 MP: 2/2
  1675 | D:3      | Found an iron altar of Okawaru.
  1676 | D:3      | Found an ancient bone altar of Kikubaaqudgha.
  1704 | D:3      | Found a bloodstained altar of Trog.
  1712 | D:3      | Fell from the grace of Vehumet
  1712 | D:3      | Became a worshipper of Trog the Wrathful
  2062 | D:3      | Reached XP level 4. HP: 40/40 MP: 3/3
  2083 | D:3      | Noticed Natasha
  2101 | D:3      | Killed Natasha
  2220 | D:3      | Noticed Natasha
  2229 | D:3      | Slain by an iron imp

Illustrated notes

Levels and vault maps discovered:
D:1:      amcnicky_arrival_underground_garden, layout_basic,
          shapermc_ecumenical_altar_rom_forum
D:2:      layout_loops_ring
D:3:      layout_loops_ring, nicolae_overflow_crystal_walls,
          mainiacjoe_overflow_divided_tiny, chequers_serial_rivers_large_a,
          kennysheep_boxes, uniq_natasha

Skill      XL: |  1  2  3 |
---------------+----------+-----
Shields        | 4 |  4.7
Long Blades    | 3 |  3.7
Fighting       | 4 |  4.2
Armour         | 4 |  4.2

Action                   |  1- 3 |  4- 6 || total
-------------------------+-------+-------++-------
Melee: Long sword        |   109 |    20 ||   129
       Headbutt          |    15 |     1 ||    16
Throw: Stone             |     1 |       ||     1
  Use: Potion            |       |     1 ||     1
Armor: Scale mail        |    47 |     6 ||    53
Dodge: Dodged            |    20 |     5 ||    25
Block: Kite shield       |    52 |    15 ||    67
       Rpst.: Long sword |     3 |     2 ||     5
